[ AOE2 MATCH · #493786316 ]
UnrankedBurgundians vs Armenians
Player's team · LOSS
[ REPLAY ANALYSIS · EXTRACTED FROM THE RECORDED GAME ]
Feudal
9:59
Castle
19:45
Imperial
41:05
| APM avg | 36.6 |
| APM peak | 79 |
| eAPM avg | 16.1 |
| Villagers / military | 117 / 72 |
Focus
⚔️ 38.4% · 🌾 61.6%
Skirmisher ×24 · Scout Cavalry ×16 · Mangonel ×14 · Flemish Militia ×12 · Archer ×3 · Trebuchet (Packed) ×2
Feudal
11:31
Castle
15:41
Imperial
43:12
| APM avg | 62.2 |
| APM peak | 103 |
| eAPM avg | 26.4 |
| Villagers / military | 164 / 114 |
Focus
⚔️ 36.6% · 🌾 63.4%
Composite Bowman ×76 · Monk ×24 · Mangonel ×7 · Trebuchet (Packed) ×7
Match map
Initial resources + every placement click. Lines = walls · curves = elevation contours. ◆ gold · ⬟ stone · ● berries · ✦ relic · ◌ wall gap
Your base· Open — 3t gap
Kalamalahala's base· Open — unwalled flank
Smoothed initial terrain · ◌ = detected wall gap · hover for details
Inputs per minute
— JadeArrowGamer - - Kalamalahala
Build order — JadeArrowGamer
First 150 of 326 actions detected
| 0:02 | Create | Villager (Male) ×4 |
| 0:03 | Build | House |
| 0:04 | Build | House |
| 1:30 | Create | Villager (Male) |
| 1:30 | Create | Villager (Male) |
| 2:02 | Create | Villager (Male) |
| 2:17 | Build | Lumber Camp |
| 2:28 | Create | Villager (Male) |
| 2:56 | Create | Villager (Male) |
| 3:15 | Create | Villager (Male) |
| 3:35 | Research | Double-Bit Axe |
| 3:54 | Create | Villager (Male) |
| 3:56 | Build | House |
| 4:17 | Create | Villager (Male) |
| 4:17 | Create | Villager (Male) |
| 4:31 | Build | House |
| 4:43 | Create | Villager (Male) |
| 5:06 | Create | Villager (Male) |
| 5:28 | Create | Villager (Male) |
| 5:50 | Create | Villager (Male) |
| 5:54 | Build | Mill |
| 6:16 | Create | Villager (Male) |
| 6:17 | Create | Villager (Male) |
| 6:42 | Create | Villager (Male) |
| 6:43 | Create | Villager (Male) |
| 6:50 | Research | Loom |
| 7:29 | Build | Lumber Camp |
| 7:49 | Research | Feudal Age |
| 8:26 | Build | Mill |
| 8:37 | Create | Villager (Male) |
| 8:59 | Build | Barracks |
| 9:41 | Create | Villager (Male) |
| 9:59 | Build | House |
| 9:59 | Age | Feudal Age |
| 10:01 | Build | Archery Range |
| 10:05 | Research | Bow Saw |
| 10:25 | Research | Horse Collar |
| 10:27 | Create | Flemish Militia |
| 10:34 | Create | Villager (Male) |
| 10:39 | Create | Flemish Militia |
| 10:51 | Build | Mining Camp |
| 10:55 | Create | Skirmisher |
| 11:13 | Create | Villager (Male) |
| 11:14 | Create | Skirmisher |
| 11:30 | Build | House |
| 11:31 | Build | House |
| 11:47 | Create | Villager (Male) |
| 12:11 | Create | Villager (Male) |
| 12:15 | Build | Farm |
| 12:16 | Build | Farm |
| 12:16 | Build | Farm |
| 12:19 | Build | Farm |
| 12:25 | Create | Archer |
| 12:56 | Create | Villager (Male) |
| 13:04 | Create | Villager (Male) |
| 13:06 | Build | Farm |
| 13:08 | Build | Farm |
| 13:10 | Create | Flemish Militia |
| 13:35 | Build | Farm |
| 13:40 | Build | Blacksmith |
| 13:41 | Create | Villager (Male) |
| 13:43 | Create | Flemish Militia |
| 14:08 | Create | Villager (Male) |
| 14:14 | Build | House |
| 14:14 | Build | House |
| 14:20 | Create | Archer |
| 14:43 | Create | Villager (Male) |
| 14:43 | Create | Villager (Male) |
| 15:09 | Create | Villager (Male) |
| 15:11 | Create | Archer |
| 15:21 | Research | Fletching |
| 15:24 | Build | Farm |
| 15:25 | Build | Farm |
| 15:30 | Build | Farm |
| 16:03 | Create | Villager (Male) |
| 16:12 | Build | Archery Range |
| 17:05 | Research | Castle Age |
| 17:29 | Build | Farm |
| 17:29 | Build | Farm |
| 17:29 | Build | Farm |
| 17:38 | Create | Skirmisher |
| 17:38 | Create | Skirmisher |
| 18:04 | Create | Skirmisher |
| 18:04 | Create | Skirmisher |
| 18:35 | Create | Skirmisher |
| 18:35 | Create | Skirmisher |
| 18:37 | Research | Gold Mining |
| 18:41 | Research | Town Watch |
| 19:16 | Create | Skirmisher |
| 19:16 | Create | Skirmisher |
| 19:29 | Create | Villager (Male) |
| 19:42 | Create | Flemish Militia |
| 19:42 | Create | Flemish Militia |
| 19:45 | Age | Castle Age |
| 20:04 | Create | Villager (Male) |
| 20:05 | Research | Bodkin Arrow |
| 20:09 | Build | Siege Workshop |
| 20:16 | Research | Elite Skirmisher (upgrade) |
| 20:20 | Create | Villager (Male) |
| 20:24 | Create | Flemish Militia |
| 20:25 | Create | Villager (Male) |
| 20:54 | Create | Mangonel |
| 20:56 | Create | Villager (Male) |
| 21:10 | Build | House |
| 21:21 | Create | Villager (Male) |
| 21:22 | Create | Skirmisher |
| 21:22 | Create | Skirmisher |
| 21:47 | Create | Villager (Male) |
| 21:51 | Create | Skirmisher |
| 21:51 | Create | Skirmisher |
| 22:32 | Create | Mangonel |
| 22:37 | Create | Skirmisher |
| 22:37 | Create | Skirmisher |
| 22:44 | Build | House |
| 22:45 | Build | House |
| 22:58 | Create | Skirmisher |
| 23:03 | Create | Villager (Male) |
| 23:11 | Build | Town Center |
| 23:44 | Create | Mangonel |
| 23:45 | Create | Villager (Male) ×5 |
| 23:49 | Build | House |
| 23:50 | Build | House |
| 23:51 | Build | House |
| 23:58 | Create | Villager (Male) |
| 24:05 | Create | Flemish Militia |
| 24:06 | Create | Flemish Militia |
| 24:11 | Create | Villager (Male) |
| 24:12 | Create | Skirmisher |
| 24:12 | Create | Skirmisher |
| 24:19 | Create | Villager (Male) |
| 24:19 | Create | Villager (Male) |
| 24:21 | Create | Skirmisher |
| 24:21 | Create | Skirmisher |
| 24:48 | Create | Villager (Male) |
| 25:12 | Create | Mangonel |
| 25:20 | Create | Villager (Male) |
| 25:20 | Create | Villager (Male) |
| 25:31 | Create | Flemish Militia |
| 26:09 | Create | Skirmisher |
| 26:10 | Create | Skirmisher |
| 26:10 | Create | Skirmisher |
| 26:40 | Create | Mangonel |
| 26:40 | Create | Villager (Male) ×4 |
| 26:42 | Build | Mill |
| 26:43 | Build | Farm |
| 26:43 | Build | Farm |
| 26:44 | Build | Farm |
| 26:44 | Build | Farm |
| 26:44 | Build | Farm |
| 26:48 | Create | Flemish Militia |
Build order — Kalamalahala
First 150 of 420 actions detected
| 0:00 | Create | Villager (Male) |
| 0:00 | Create | Villager (Male) |
| 0:02 | Build | House |
| 0:03 | Build | House |
| 0:06 | Create | Villager (Male) |
| 0:06 | Create | Villager (Male) |
| 0:06 | Create | Villager (Male) |
| 0:06 | Research | Loom |
| 0:10 | Research | Loom |
| 0:13 | Create | Villager (Male) |
| 0:13 | Create | Villager (Male) |
| 0:19 | Create | Villager (Male) |
| 0:19 | Create | Villager (Male) |
| 1:29 | Create | Villager (Male) |
| 1:29 | Create | Villager (Male) |
| 1:56 | Create | Villager (Male) |
| 1:56 | Create | Villager (Male) |
| 2:18 | Build | Mule Cart |
| 2:49 | Create | Villager (Male) |
| 2:49 | Create | Villager (Male) |
| 2:50 | Create | Villager (Male) |
| 3:23 | Build | Mill |
| 3:36 | Create | Villager (Male) |
| 3:38 | Create | Villager (Male) |
| 4:20 | Create | Villager (Male) |
| 4:35 | Create | Villager (Male) |
| 4:35 | Create | Villager (Male) |
| 4:46 | Build | House |
| 4:58 | Create | Villager (Male) |
| 5:13 | Build | House |
| 5:17 | Create | Villager (Male) |
| 6:08 | Create | Villager (Male) |
| 6:37 | Build | Mill |
| 6:42 | Create | Villager (Male) |
| 7:11 | Create | Villager (Male) |
| 7:23 | Build | House |
| 7:36 | Create | Villager (Male) |
| 8:06 | Create | Villager (Male) |
| 8:08 | Create | Villager (Male) |
| 8:09 | Create | Villager (Male) |
| 8:35 | Build | Mule Cart |
| 9:04 | Research | Feudal Age |
| 9:47 | Create | Villager (Male) |
| 11:14 | Create | Villager (Male) |
| 11:31 | Age | Feudal Age |
| 11:33 | Build | Market |
| 11:36 | Build | Blacksmith |
| 11:38 | Research | Double-Bit Axe |
| 11:44 | Create | Villager (Male) |
| 13:01 | Research | Castle Age |
| 13:02 | Research | Castle Age |
| 13:07 | Build | Mule Cart |
| 13:10 | Build | Palisade Wall |
| 14:26 | Create | Villager (Male) |
| 14:41 | Create | Villager (Male) |
| 15:17 | Research | Double-Bit Axe |
| 15:41 | Age | Castle Age |
| 15:49 | Build | Castle |
| 16:04 | Create | Villager (Male) |
| 16:06 | Build | House |
| 16:24 | Build | House |
| 16:51 | Build | House |
| 16:53 | Build | House |
| 16:56 | Create | Villager (Male) |
| 16:56 | Create | Villager (Male) |
| 16:56 | Create | Villager (Male) |
| 17:06 | Research | Fletching |
| 17:06 | Research | Fletching |
| 17:17 | Build | Monastery |
| 17:32 | Create | Composite Bowman |
| 17:32 | Create | Composite Bowman |
| 17:55 | Create | Composite Bowman |
| 17:56 | Create | Composite Bowman |
| 18:02 | Create | Monk |
| 18:08 | Create | Composite Bowman |
| 18:30 | Create | Villager (Male) |
| 18:34 | Create | Villager (Male) |
| 18:38 | Build | Siege Workshop |
| 18:42 | Create | Composite Bowman |
| 18:56 | Build | Farm |
| 19:01 | Create | Monk |
| 19:13 | Build | Siege Workshop |
| 19:24 | Create | Villager (Male) |
| 19:40 | Build | Farm |
| 19:41 | Build | Farm |
| 19:55 | Create | Composite Bowman |
| 19:56 | Create | Composite Bowman |
| 19:56 | Create | Composite Bowman |
| 20:05 | Create | Villager (Male) |
| 20:06 | Create | Villager (Male) |
| 20:06 | Create | Villager (Male) |
| 20:15 | Create | Villager (Male) |
| 20:16 | Create | Villager (Male) |
| 20:31 | Create | Mangonel |
| 20:31 | Create | Villager (Male) |
| 20:35 | Build | Farm |
| 20:53 | Create | Villager (Male) |
| 20:54 | Create | Composite Bowman |
| 20:54 | Create | Composite Bowman |
| 20:55 | Create | Composite Bowman |
| 20:57 | Create | Villager (Male) |
| 21:08 | Create | Villager (Male) |
| 21:18 | Research | Bodkin Arrow |
| 21:43 | Create | Mangonel |
| 21:44 | Create | Villager (Male) |
| 21:49 | Build | House |
| 21:49 | Build | Palisade Wall |
| 21:59 | Create | Mangonel |
| 22:32 | Create | Villager (Male) |
| 22:47 | Create | Mangonel |
| 22:50 | Create | Composite Bowman |
| 22:50 | Create | Composite Bowman |
| 22:51 | Create | Villager (Male) |
| 23:22 | Create | Monk |
| 23:44 | Create | Villager (Male) |
| 23:59 | Create | Composite Bowman |
| 23:59 | Create | Composite Bowman |
| 24:03 | Build | House |
| 24:07 | Create | Villager (Male) |
| 24:21 | Create | Mangonel |
| 24:59 | Create | Villager (Male) |
| 25:20 | Create | Mangonel |
| 25:21 | Create | Villager (Male) |
| 25:29 | Build | House |
| 25:32 | Create | Composite Bowman |
| 25:32 | Create | Composite Bowman |
| 25:53 | Create | Villager (Male) |
| 25:53 | Create | Villager (Male) |
| 26:06 | Create | Composite Bowman |
| 26:35 | Create | Villager (Male) |
| 26:35 | Create | Villager (Male) |
| 26:55 | Create | Composite Bowman |
| 27:03 | Create | Villager (Male) |
| 27:03 | Create | Villager (Male) |
| 27:21 | Build | Castle |
| 27:23 | Create | Composite Bowman |
| 27:56 | Create | Villager (Male) |
| 28:00 | Build | Town Center |
| 28:17 | Build | Mule Cart |
| 28:19 | Build | Mule Cart |
| 28:33 | Create | Villager (Male) |
| 28:33 | Create | Villager (Male) |
| 28:37 | Create | Composite Bowman |
| 28:37 | Create | Composite Bowman |
| 28:37 | Create | Composite Bowman |
| 28:53 | Create | Villager (Male) |
| 29:01 | Create | Composite Bowman |
| 29:01 | Create | Composite Bowman |
| 29:30 | Build | Farm |
| 29:32 | Create | Villager (Male) |
Match timeline
| 8:59 | JadeArrowGamer · first_building Barracks |
| 9:59 | JadeArrowGamer · age_up feudal |
| 10:01 | JadeArrowGamer · first_building Archery Range |
| 11:31 | Kalamalahala · age_up feudal |
| 13:10 | Kalamalahala · wall_segment Palisade Wall x1 |
| 15:16 | Kalamalahala · first_market_buy 100 food |
| 15:41 | Kalamalahala · age_up castle |
| 15:49 | Kalamalahala · first_building Castle |
| 17:17 | Kalamalahala · first_building Monastery |
| 18:29 | Kalamalahala · first_market_sell 100 stone |
| 18:38 | Kalamalahala · first_building Siege Workshop |
| 19:45 | JadeArrowGamer · age_up castle |
| 20:09 | JadeArrowGamer · first_building Siege Workshop |
| 21:49 | Kalamalahala · wall_segment Palisade Wall x1 |
| 29:00 | JadeArrowGamer · first_market_sell 500 wood |
| 33:33 | JadeArrowGamer · first_market_buy 100 food |
| 35:59 | JadeArrowGamer · first_building Monastery |
| 36:02 | JadeArrowGamer · first_building Stable |
| 37:09 | JadeArrowGamer · first_building Castle |
| 41:05 | JadeArrowGamer · age_up imperial |
| 43:12 | Kalamalahala · age_up imperial |
| 53:49 | JadeArrowGamer · resign |
[ AI ANALYSIS · 1 CREDIT ]
What really happened in this match?
Wolo.gg analyzes every decision: build order, eco, micro, common mistakes by bracket. Personalized analysis on WhatsApp or Discord in 30 seconds.
Civ guide
Burgundians
Perfil
JadeArrowGamer